AoeStats
← DespeSupertimor

African Clearing

506927152Analyzed
4v4 RM · 17d ago on Sep 15, 2026· 30m 25s· 8 players
Game mode
Random Map
Map size
Large (8 player)
Population
200
Speed
Normal
Resources
Standard
Victory
Conquest
Starting age
Dark Age
Ending age
Imperial Age
RankedLock teamsTeams togetherTeam positionsShared explorationLock speedFull tech treeHidden civsTurbo modeCheats
Victory
Defeat
🇸🇮 Jurchens · Slovenia
1211
+14
🇬🇧 Portuguese · United Kingdom
1196
+15
🇪🇸 Ethiopians · Spain
1191
+15
🇳🇱 Maya · Netherlands
1167
+16
🇫🇷 Huns · France
1217
-16
🇺🇸 Hindustanis · United States
1207
-16
🇫🇷 Franks · France
1146
-14
🇩🇪 Vietnamese · Germany
1133
-14
xavido
11:57 Loom
12:31 Loom
14:33 Feudal Age
19:04 Castle Age
16:56 Double-Bit Axe
17:28 Fletching
17:39 Padded Archer Armor
19:23 Crossbowman
21:53 Forging
21:41 Bodkin Arrow
25:26 Ballistics
25:25 Leather Archer Armor
Searching for food
14:45 Feudal Age
16:02 Loom
17:00 Double-Bit Axe
19:45 Castle Age
24:32 Bow Saw
Marietje Toch
3:09 Loom
12:31 Feudal Age
19:07 Castle Age
20:02 Fletching
m00n
3:23 Loom
13:53 Feudal Age
17:50 Castle Age
16:16 Double-Bit Axe
17:56 Wheelbarrow
17:05 Horse Collar
20:59 Horse Collar
Melkro
11:08 Loom
14:30 Feudal Age
15:21 Double-Bit Axe
23:18 Castle Age
22:16 Forging
23:25 Scale Barding Armor
23:15 Gold Mining
25:49 Chain Barding Armor
29:16 Wheelbarrow
DespeSupertimor
8:22 Loom
13:42 Feudal Age
17:37 Castle Age
15:29 Double-Bit Axe
17:16 Fletching
18:47 Bow Saw
19:46 Bodkin Arrow
21:51 Thumb Ring
23:18 Horse Collar
23:52 Bloodlines
JeanC
4:46 Loom
16:35 Feudal Age
17:22 Double-Bit Axe
22:57 Castle Age
21:39 Fletching
21:50 Padded Archer Armor
22:58 Crossbowman
25:08 Thumb Ring
27:04 Elite Skirmisher
Magnificent Bastard
10:47 Loom
13:23 Feudal Age
14:29 Town Watch
14:33 Double-Bit Axe
16:33 Bloodlines
17:44 Forging
22:53 Fletching
24:52 Padded Archer Armor
27:10 Wheelbarrow
Connection lost

Rejoining the realm…

Still unreachable

The connection could not be restored.

Session expired

The server has moved on; the page needs a fresh start.